 Dungeon Crawl Stone Soup version 0.31-a0-344-gd109795599 (webtiles) character file.

Game seed: 4507872834481909590

44 ryw the Ruffian (level 3, 0/28 HPs)
             Began as a Demigod Shapeshifter on July 21, 2023.
             Succumbed to an adder's poison
             ... on level 2 of the Dungeon.
             The game lasted 00:01:07 (837 turns).

ryw the Ruffian (Demigod Shapeshifter)               Turns: 837, Time: 00:01:08

Health: 0/28       AC:  2    Str: 20    XL:     3   Next: 23%
Magic:  5/5        EV: 12    Int: 10    God:
Gold:   95         SH:  0    Dex: 14    Spells: 2/2 levels left

rFire   . .          .
                       - Unarmed
rCold   . . .        (no shield)
rNeg    . . .        a - +0 animal skin
rPois   .            (helmet currently unavailable)
rElec   .            (cloak currently unavailable)
rCorr   .            (gloves currently unavailable)
SInv    .            (boots currently unavailable)
Will    .....        (no amulet)
Stlth   +            (no ring)
HPRegen 0.24/turn    (no ring)
MPRegen 0.09/turn

%: no passive effects
@: mighty, lethally poisoned (0 -> -7), beast-form, attractive
A: beast (slay +1), high MP 1, forlorn, divine attributes
a: Begin Untransformation


You were on level 2 of the Dungeon.
You were a hulking beast.
You visited 1 branch of the dungeon, and saw 2 of its levels.

You collected 95 gold pieces.

Inventory:

Armour
 a - a +0 animal skin (worn)
Talismans
 c - a beast talisman
Wands
 h - a wand of polymorph (13)
Scrolls
 d - a scroll of revelation {unknown}
 g - a scroll of identify {unknown}
Potions
 e - 2 potions of attraction


   Skills:
 - Level 1.0 Fighting
 - Level 2.0 Dodging
 * Level 4.0 Unarmed Combat
 - Level 2.6 Shapeshifting


You had 2 spell levels left.
You didn't know any spells.
Your spell library was empty.

Dungeon Overview and Level Annotations

Branches:
Dungeon (2/15)


Innate Abilities, Weirdness & Mutations

You are a hulking beast.
Your limbs bulge with bestial killing power. (Slay +1)
You have an increased reservoir of magic. (+10% MP)
You shall have no god before yourself.
Your divine heritage dramatically boosts your attributes as you level up.


Message History

There is a stone staircase leading down here.
An adder comes into view.
A bat comes into view.
The adder hisses angrily.
The adder bites you.
You are poisoned.
The adder poisons you!
You hit the adder.
The adder is heavily wounded.
You feel sick. The bat hits you. The adder barely misses you.
The bat closely misses you. The adder bites you but does no damage.
You closely miss the adder.
The adder is heavily wounded.
You feel sick. The bat hits you but does no damage.
The adder closely misses you.
You closely miss the adder.
The adder is heavily wounded.
You feel sick. The bat barely misses you. The adder bites you.
You hit the adder but do no damage.
The adder is heavily wounded.
You feel sick. The bat hits you. The adder bites you.
You are more poisoned.
The adder poisons you!
You feel sick. The bat completely misses you.
The adder bites you but does no damage. The adder attacks as you move away!
The adder closely misses you.
You feel sick. The bat barely misses you. The adder completely misses you.
You feel sick. The bat completely misses you.
It was a potion of attraction.
You feel attractive to monsters.
You feel sick.
It was a potion of might.
You feel very mighty all of a sudden.
You feel sick. The adder bites you.
* * * LOW HITPOINT WARNING * * *
You are more poisoned.
The adder poisons you! The adder closely misses you.
You punch the adder!
You kill the adder!
You die...

#.>.....## #.#
##.......# ###.#
.........# #...#
#........###.#####
#........##......#
#.............##.#
'.............##.#
#.............##.# # #
#.)...........##h#.# #.#
....#####+######†#.#...#
.)).# #.###...b.......
....# #...............
....# #####...........
....# ####.###..## ....#
#.# #.# ....# #.# .#
....# #.. .


You could see a bat.

Vanquished Creatures
  Terence (D:2)
  An adder (D:2)
  A worm (D:2)
  A dart slug (D:1)
  2 endoplasms (D:1)
  A giant cockroach (D:1)
  2 goblins
  A hobgoblin (D:1)
  A kobold (D:2)
  2 quokkas
  A ball python (D:1)
  A frilled lizard (D:1)
15 creatures vanquished.

Notes
Turn   | Place    | Note
-------+----------+-------------------------------------------
     0 | D:1      | ryw the Demigod Shapeshifter began the quest for the Orb.
     0 | D:1      | Reached XP level 1. HP: 15/15 MP: 3/3
    88 | D:1      | Reached skill level 1 in Fighting
   152 | D:1      | Reached skill level 3 in Unarmed Combat
   274 | D:1      | Reached XP level 2. HP: 11/23 MP: 4/4
   630 | D:2      | Noticed Terence
   644 | D:2      | Killed Terence
   645 | D:2      | Reached XP level 3. HP: 4/28 MP: 5/5
   652 | D:2      | Reached skill level 4 in Unarmed Combat
   837 | D:2      | Succumbed to an adder's poison

Illustrated notes

Levels and vault maps discovered:
D:1:      psy_arrival_basics, layout_rooms, minmay_misc_feat_doors,
          reono_crystal_passage
D:2:      layout_basic, chequers_decorated_corner, minmay_tetromino_l4,
          uniq_terence

Skill      XL: |  1  2  3 |
---------------+----------+-----
Fighting       | 1 |  1.0
Dodging        | 2 |  2.0
Unarmed Combat | 3 4 |  4.0
Shapeshifting  | |  2.6

Action                     || total
---------------------------++-------
  Melee: Unarmed           ||    54
         Punch             ||     2
    Use: Potion            ||     3
   Stab: Sleeping          ||     2
 Armour: Animal skin       ||     5
         Skin              ||     3
  Dodge: Dodged            ||    32

Table legend: (Time is in decaauts)
 A = Elapsed time spent in this place.
 B = Non-inter-level travel time spent in this place.
 C = Inter-level travel time spent in this place.
 D = Time resting spent in this place.
 E = Time spent auto-exploring this place.
 F = Levels seen in this place.
 G = Mean time per level.
                   A        B        C        D        E       F      G
               +--------+--------+--------+--------+--------+-----+--------+
         Total |    833 |    820 |     13 |    108 |    583 |   2 |  416.5 |
       Dungeon |    833 |    820 |     13 |    108 |    583 |   2 |  416.5 |
               +--------+--------+--------+--------+--------+-----+--------+

Top non-repeatable levels by time:
     D:1: 549 daAuts
     D:2: 284 daAuts
